 Dungeon Crawl Stone Soup version 0.31-a0-202-g547052bce9 (webtiles) character file.

Game seed: 3736350790013088536

130 qw the Skirmisher (level 4, -4/25 HPs)
             Began as a Deep Elf Hunter on June 26, 2023.
             Slain by a worm (9 damage)
             ... on level 2 of the Dungeon.
             The game lasted 00:00:38 (1705 turns).

qw the Skirmisher (Deep Elf Hunter)                 Turns: 1705, Time: 00:00:39

Health: -4/25      AC:  8    Str: 14    XL:     4   Next: 89%
Magic:  6/6        EV: 11    Int: 14    God:
Gold:   64         SH:  0    Dex: 15    Spells: 3/3 levels left

rFire   + . .        Y - +0 shortbow
rCold   . . .        (shield currently unavailable)
rNeg    . . .        c - +3 ring mail of Fortification {rElec Str+4 Dex-3}
rPois   .            (no helmet)
rElec   +            (no cloak)
rCorr   +            (no gloves)
SInv    .            (no boots)
Will    .....        (no amulet)
Stlth   +            h - ring of protection from fire
HPRegen 0.24/turn    l - ring of resist corrosion
MPRegen 0.10/turn

%: no passive effects
@: about to teleport
A: no striking features
a: no special abilities


You were on level 2 of the Dungeon.
You visited 1 branch of the dungeon, and saw 3 of its levels.

You collected 64 gold pieces.


   Skills:
 - Level 1.5 Fighting
 + Level 8.3 Ranged Weapons
 - Level 2.4 Dodging
 - Level 1.2 Stealth


You had 3 spell levels left.
You didn't know any spells.
Your spell library was empty.

Inventory:

Hand Weapons
 Y - a +0 shortbow (weapon)
Armour
 c - the +3 ring mail of Fortification (worn) {rElec Str+4 Dex-3}
   (You found it on level 2 of the Dungeon)

   Str:       It affects your strength (+4).
   Dex:       It affects your dexterity (-3).
   rElec:     It insulates you from electricity.
 d - the -2 pair of boots of the Journeyman {rCorr}
   (You acquired it on level 2 of the Dungeon)

   rCorr:     It protects you from acid and corrosion.
Jewellery
 f - a ring of fire
 h - a ring of protection from fire (left hand)
 l - a ring of resist corrosion (right hand)
Potions
 a - a potion of lignification {unknown}
 e - a potion of heal wounds {unknown}
 g - a potion of ambrosia {unknown}
 j - a potion of magic {unknown}
 k - 2 potions of curing

Dungeon Overview and Level Annotations

Branches:
Dungeon (3/15)

Altars:


Message History

The rat bites you.
You shoot an arrow. The arrow hits the rat.
You kill the rat!
You start resting.
HP restored.
Done exploring.
(D) Dungeon
Where to? (* - list waypoints, Enter - D:3, ? - help)
What level of the Dungeon? (default 1, ? - help)
You climb downwards.
The kobold hits you but does no damage. The kobold hits you with a +0 whip.
The worm bites you but does no damage.
There is a stone staircase leading up, spattered with blood here.
You shoot an arrow. The arrow hits the worm.
The worm is moderately wounded.
The kobold hits you but does no damage. x2
The worm bites you but does no damage.
You shoot an arrow.
The arrow hits the worm but does no damage.
The worm is moderately wounded.
The gnoll hits you from afar with a +0 halberd!
The kobold hits you but does no damage. The kobold barely misses you.
The kobold hits you but does no damage. The worm barely misses you.
The gnoll completely misses you. The kobold barely misses you.
1701 ||| STAIRDANCE The kobold hits you but does no damage.
The gnoll hits you from afar with a +0 halberd!
The kobold closely misses you.
You climb upwards.
There is a stone staircase leading down, spattered with blood here.
1703 ||| READING scroll of teleportation.
As you read the scroll of teleportation, it crumbles to dust.
You feel strangely unstable. The worm bites you.
The kobold hits you but does no damage. x2
You shoot an arrow. The arrow hits the worm.
The worm is moderately wounded.
The kobold closely misses you. The kobold misses you.
You shoot an arrow. The arrow hits the worm.
The worm is severely wounded.
The worm bites you!
You die...

#### ###.##### #.##.#..#.####.##
...# #.......# #.##.#..#........
##.###.......####.##.#..#.##.#..#
##.....#.###............#.......#
..........##..####.#.........##.#
.......##........#.######.#####.#
#..#.#.#####.....[..# #.#####.#
#..#.#..[.....##.#..# #.......#
#.##.#.........w@K..# #########
.........####.##[K..# .....###.#
#.####..# #.##.###.####.####..#
#.##.#.)...##.......#
..##.#.....#######.##
####.#.....##......#
####.#.....##.####.#
...:.#.....##.#_)..#


You could see a worm and 2 kobolds.

Vanquished Creatures
  5 gnolls
  5 adders (D:2)
  An ufetubus (D:2)
  An orc (D:2)
  3 endoplasms
  2 giant cockroaches (D:2)
  A hobgoblin (D:1)
  2 kobolds
  A quokka (D:2)
  A ball python (D:1)
  2 bats
  4 frilled lizards (D:2)
  5 goblins
  3 rats
36 creatures vanquished.

Notes
Turn   | Place    | Note
-------+----------+-------------------------------------------
     0 | D:1      | qw the Deep Elf Hunter began the quest for the Orb.
     0 | D:1      | Reached XP level 1. HP: 12/12 MP: 3/3
     0 | D:1      | 0 ||| qw: Version: 0.3-a-22-g0ed2b0b
     0 | D:1      | 0 ||| qw: Game counter: 6232
     0 | D:1      | 0 ||| qw: Melee chars always use a shield: true
     0 | D:1      | 0 ||| qw: God list: Okawaru
     0 | D:1      | 0 ||| qw: Allow faded altars: false
     0 | D:1      | 0 ||| qw: Do Orc after clearing Dungeon:15 true
     0 | D:1      | 0 ||| qw: Do second Lair branch before Depths: true
     0 | D:1      | 0 ||| qw: Lair rune preference: random
     0 | D:1      | 0 ||| qw: Goals: Normal
     0 | D:1      | 0 ||| PLANNING D:1-11
   424 | D:1      | Reached XP level 2. HP: 16/16 MP: 4/4
   582 | D:1      | Reached skill level 6 in Ranged Weapons
   747 | D:1      | 747 ||| UPGRADING to +0 ring mail.
   757 | D:1      | 757 ||| DROPPING +0 leather armour.
   758 | D:1      | 758 ||| UPGRADING to ring of protection from fire.
   759 | D:1      | 759 ||| UPGRADING to ring of resist corrosion.
   760 | D:1      | 760 ||| READING scroll labelled EFEAPS YTUI.
   763 | D:1      | 763 ||| READING 3 scrolls labelled KEFOJI ARILILE.
   764 | D:1      | 764 ||| READING scroll labelled QEDGHA AMOUTITY.
   765 | D:1      | 765 ||| DROPPING scroll of butterflies.
   766 | D:1      | 766 ||| DROPPING 2 scrolls of fog.
   889 | D:2      | Identified the +3 ring mail of Fortification {rElec Str+4
                  | Dex-3}
   958 | D:2      | Reached XP level 3. HP: 19/20 MP: 5/5
  1018 | D:2      | Reached skill level 7 in Ranged Weapons
  1165 | D:2      | Reached XP level 4. HP: 25/25 MP: 6/6
  1294 | D:2      | Found a faded altar of an unknown god.
  1433 | D:2      | Reached skill level 8 in Ranged Weapons
  1504 | D:2      | 1504 ||| UPGRADING to +3 ring mail of Fortification {rElec
                  | Str+4 Dex-3}.
  1514 | D:2      | 1514 ||| DROPPING +0 ring mail.
  1515 | D:2      | 1515 ||| READING scroll labelled IRU UGGAJILOA.
  1515 | D:2      | Identified a scroll of acquirement
  1515 | D:2      | 1515 ||| ACQUIRING -2 pair of boots of the Journeyman
                  | {rCorr}
  1515 | D:2      | Acquired the -2 pair of boots of the Journeyman {rCorr}
  1517 | D:2      | 1517 ||| READING scroll labelled DIRERPH MOOS.
  1518 | D:2      | 1518 ||| DRINKING 2 glowing pink potions.
  1519 | D:2      | 1519 ||| DRINKING 3 white potions.
  1520 | D:2      | 1520 ||| DROPPING potion of attraction.
  1561 | D:3      | 1561 ||| STAIRDANCE
  1621 | D:3      | 1621 ||| STAIRDANCE
  1701 | D:3      | 1701 ||| STAIRDANCE
  1701 | D:3      | HP: 6/25 [gnoll/+0 halberd (10)]
  1703 | D:2      | 1703 ||| READING scroll of teleportation.
  1705 | D:2      | Slain by a worm

Levels and vault maps discovered:
D:1:      mrwooster_arrival_statue_2, layout_loops_ring, serial_bayou,
          serial_bayou_lagoon_a, serial_bayou_crossing, serial_bayou_lake_a,
          serial_bayou_shore_b, hangedman_feature_mirror,
          chequers_serial_rivers_micro_e
D:2:      layout_loops_cross, basic_ecumenical_altar
D:3:      layout_rooms

Skill      XL: |  1  2  3  4 |
---------------+-------------+-----
Ranged Weapons | 6 7 8 |  8.3
Fighting       | |  1.5
Dodging        | |  2.4
Stealth        | |  1.2

Action                     |  1- 3 |  4- 6 || total
---------------------------+-------+-------++-------
   Fire: Shortbow          |    83 |    41 ||   124
    Use: Scroll            |     3 |     3 ||     6
         Potion            |       |     2 ||     2
 Armour: Leather armour    |     7 |       ||     7
         Ring mail         |     8 |    30 ||    38
  Dodge: Dodged            |    23 |    36 ||    59

Table legend:
 A = Non-vault XP
 B = Vault XP
 C = Vault XP percentage of total XP
 D = Non-vault monster count
 E = Vault monster count
 F = Vault count percentage of total count
                 A         B        C        D         E       F
            +---------+---------+-------+---------+---------+-------
      Total |     186 |       0 |   0.0 |      36 |       0 |   0.0
            +---------+---------+-------+---------+---------+-------
        D:1 |      14 |       0 |   0.0 |       9 |       0 |   0.0
        D:2 |     157 |       0 |   0.0 |      26 |       0 |   0.0
        D:3 |      15 |       0 |   0.0 |       1 |       0 |   0.0
            +---------+---------+-------+---------+---------+-------
